Map: Bridgehead LE (Void)

Players

MoonLjth - Winner!

  • Race: Protoss Protoss
  • League: Grandmaster

iQuitBYE - Winner!

  • Race: Protoss Protoss
  • League: Grandmaster

Jax

  • Race: Zerg Zerg
  • League: Grandmaster

IIIIIIIIIIII

  • Race: Zerg Zerg
  • League: Grandmaster

VOD

Have the link to the VOD?

Description

Time

  • Played on: Oct. 3, 2015, 4:08 p.m.
  • Length: 7:23
Show
View Real Time Build Order
Export as new Build Order

MoonLjth Protoss - Winner!

Build Orders: 1 Gate Expand 

Get SALT Encoding   

  12  0:01  Probe (Chrono Boost)  
  13  0:15  Pylon  
  13  0:18  Probe (Chrono Boost)  
  14  0:28  Probe (Chrono Boost)  
  15  0:37  Gateway  
  15  0:39  Probe (Chrono Boost)  
  16  0:48  Assimilator  
  17  0:50  Probe (Chrono Boost)  
  17  1:00  Probe (Chrono Boost)  
  18  1:11  Probe (Chrono Boost)  
  19  1:23  Nexus  
  19  1:26  Probe (Chrono Boost)  
  20  1:37  Cybernetics Core  
  20  1:44  Assimilator  
  20  1:45  Probe (Chrono Boost)  
  21  1:52  Pylon  
  21  1:58  Probe (Chrono Boost)  
  22  2:08  Probe (Chrono Boost)  
  22  2:14  Warp Gate  
  23  2:19  Mothership Core (Chrono Boost)  
  23  2:20  Stalker (Chrono Boost)  
  27  2:33  Probe  
  28  2:37  Pylon  
  28  2:39  Probe (Chrono Boost)  
  29  2:44  Robotics Facility  
  29  2:47  Probe (Chrono Boost)  
  31  2:51  Probe (Chrono Boost)  
  32  2:58  Probe (Chrono Boost)  
  32  3:02  Probe (Chrono Boost)  
  33  3:09  Probe (Chrono Boost)  
  33  3:12  Probe (Chrono Boost)  
  35  3:19  Probe (Chrono Boost)  
  36  3:23  Probe (Chrono Boost)  
  36  3:28  Probe (Chrono Boost)  
  36  3:31  Immortal (Chrono Boost)  
  41  3:34  Probe  
  41  3:35  Assimilator  
  42  3:42  Gateway  
  42  3:52  Probe x2  
  42  3:53  Gateway  
  44  3:55  Gateway  
  44  4:05  Probe  
  44  4:06  Probe  
  46  4:12  Pylon  
  46  4:15  Immortal (Chrono Boost)  
  50  4:18  Probe  
  51  4:26  Pylon  
  51  4:31  Sentry  
  51  4:32  Gateway  
  53  4:40  Probe  
  53  4:43  Probe  
  53  4:44  Sentry  
  57  4:51  Gateway  
  57  4:52  Probe  
  58  4:53  Gateway  
  58  4:55  Warp Prism (Chrono Boost)  
  58  4:57  Probe  
  58  4:58  Gateway  
  61  5:02  Sentry  
  61  5:03  Sentry  
  61  5:06  Adept  
  67  5:17  Pylon  
  67  5:24  Pylon  
  67  5:27  Observer (Chrono Boost)  
  68  5:32  Stalker  
  70  5:36  Stalker x3  
  70  5:37  Stalker  
  78  5:51  Probe  
  79  5:59  Adept x2  
  79  6:00  Stalker  
  79  6:03  Probe  
  86  6:07  Pylon  
  86  6:09  Pylon  
  78  6:22  Stalker  
  78  6:23  Stalker x3  
  86  6:25  Zealot  
  88  6:35  Probe  
  85  6:46  Stalker x4  
  85  6:47  Stalker x2  
  95  6:51  Probe  
  95  6:54  Probe  
  95  6:57  Stalker x2  
Show
View Real Time Build Order
Export as new Build Order

iQuitBYE Protoss - Winner!

Build Orders:  

Get SALT Encoding   

  12  0:01  Drone  
  13  0:16  Overlord  
  13  0:20  Drone  
  14  0:35  Drone x2  
  16  0:53  Hatchery  
  16  0:56  Drone x2  
  17  1:09  Spawning Pool  
  16  1:14  Drone  
  16  1:16  Drone  
  18  1:36  Hatchery  
  17  1:44  Drone x2  
  19  1:47  Overlord  
  19  1:56  Queen  
  21  2:04  Queen  
  23  2:09  Zergling x2  
  24  2:18  Drone x3  
  24  2:21  Drone  
  28  2:33  Queen  
  30  2:45  Overlord  
  30  2:52  Drone x5, Extractor x2  
  30  2:58  Queen  
  35  3:33  Drone x10  
  35  3:34  Overlord  
  44  3:40  Roach Warren  
  43  3:50  Metabolic Boost  
  43  3:56  Drone  
  43  3:57  Drone x3  
  43  3:58  Overlord  
  47  4:07  Lair  
  47  4:10  Drone  
  47  4:11  Drone  
  47  4:12  Evolution Chamber  
  48  4:17  Overlord  
  48  4:19  Zergling x8  
  52  4:24  Overlord  
  52  4:26  Overlord  
  52  4:31  Drone  
  52  4:32  Drone x3  
  52  4:34  Drone  
  52  4:36  Overlord  
  57  4:42  Zerg Missile Weapons Level 1  
  57  4:56  Overlord  
  57  4:57  Roach x6  
  69  5:08  Glial Reconstitution  
  69  5:11  Extractor x2  
  69  5:13  Drone x3  
  70  5:14  Drone x3  
  70  5:18  Roach x2  
  70  5:20  Zergling x10  
  80  5:31  Roach x2  
  80  5:34  Overlord, Zergling x2  
  80  5:35  Zergling x6  
  88  5:43  Roach x4  
  88  5:45  Overlord  
  97  6:04  Roach  
  77  6:23  Roach x9  
  77  6:24  Roach x5  
  106  6:25  Zergling x2  
  98  6:48  Roach x2  
Show
View Real Time Build Order
Export as new Build Order

Jax Zerg 

Build Orders:  

Get SALT Encoding   

Show
View Real Time Build Order
Export as new Build Order

IIIIIIIIIIII Zerg 

Build Orders:  

Get SALT Encoding   

Tags
 
Add a new tag
Caveats
  • Supply blocks, unpowered buildings, or Contaminate may cause inaccurate times.
  • Supply counts are checked every 10 seconds.